AoeStats
← Hitokirivan

Lombardia

508658304Analyzed
4v4 RM · 10d ago on Sep 23, 2026· 50m 51s· 8 players
Game mode
Random Map
Map size
Large (8 player)
Population
200
Speed
Normal
Resources
Standard
Victory
Conquest
Starting age
Dark Age
Ending age
Imperial Age
RankedLock teamsTeams togetherTeam positionsShared explorationLock speedFull tech treeHidden civsTurbo modeCheats
Victory
Defeat
🇨🇳 Khmer · China
1170
+10
🇵🇪 Lithuanians · Peru
1044
+15
🇵🇪 Huns · Peru
1029
+16
1024
+16
🇫🇷 Malay · France
1057
-15
🇮🇹 Danes · Italy
1053
-15
🇨🇳 Byzantines · China
1022
-14
🇵🇹 Byzantines · Portugal
987
-13
joia-numerica6
7:47 Loom
11:13 Feudal Age
15:57 Castle Age
15:04 Double-Bit Axe
23:11 Horse Collar
24:42 Bow Saw
28:49 Heavy Plow
29:55 Forging
29:51 Scale Mail Armor
34:03 Wheelbarrow
36:33 Imperial Age
35:13 Iron Casting
34:53 Chain Mail Armor
35:00 Gambesons
35:16 Squires
35:03 Arson
35:38 Gold Mining
35:39 Stone Mining
36:09 Hand Cart
37:59 Stone Shaft Mining
38:03 Gold Shaft Mining
37:04 Elite Varangian Guard
39:17 Logistica
41:12 Plate Mail Armor
42:22 Pikeman
45:31 Halberdier
47:26 Two-Man Saw
48:38 Conscription
alexggg56
7:30 Loom
10:30 Feudal Age
10:23 Double-Bit Axe
11:49 Horse Collar
13:35 Wheelbarrow
20:19 Castle Age
18:47 Gold Mining
18:53 Fletching
20:13 Bodkin Arrow
22:16 Padded Archer Armor
22:27 Heavy Plow
23:37 Hand Cart
23:33 Crossbowman
25:39 Leather Archer Armor
25:26 Town Watch
27:35 Town Patrol
28:40 Ballistics
30:03 Stone Mining
30:49 Gold Shaft Mining
32:51 Imperial Age
30:24 Treadmill Crane
31:51 Thumb Ring
31:59 Murder Holes
32:17 Masonry
33:20 Stone Shaft Mining
33:33 Bracer
34:42 Chemistry
34:21 Ring Archer Armor
34:11 Arbalester
35:29 Bow Saw
36:17 Crop Rotation
37:35 Forging
37:31 Scale Barding Armor
39:15 Iron Casting
38:47 Siege Engineers
39:49 Conscription
40:20 Squires
40:06 Arson
39:42 Man-at-Arms
41:48 Blast Furnace
40:27 Elite Skirmisher
42:10 Forced Levy
41:34 Long Swordsman
42:54 Two-Handed Swordsman
Ottone il Grande
8:05 Loom
10:47 Feudal Age
19:14 Castle Age
17:42 Horse Collar
19:27 Scale Mail Armor
20:20 Squires
20:06 Gambesons
35:41 Imperial Age
33:57 Chain Mail Armor
35:38 Forging
35:19 Hamask
38:20 Elite Jomsviking
39:39 Wheelbarrow
38:50 Town Watch
40:32 Plate Mail Armor
40:37 Iron Casting
1829032
4:15 Loom
11:40 Feudal Age
13:26 Double-Bit Axe
15:21 Horse Collar
18:54 Wheelbarrow
21:58 Castle Age
22:04 Pikeman
23:11 Forging
23:03 Scale Mail Armor
22:54 Fletching
24:27 Squires
26:00 Gold Mining
26:01 Stone Mining
31:35 Imperial Age
30:41 Iron Casting
32:41 Conscription
33:09 Chain Mail Armor
33:00 Scale Barding Armor
33:39 Murder Holes
34:57 Hand Cart
36:35 Bow Saw
40:34 Elite Varangian Guard
42:11 Halberdier
44:33 Plate Mail Armor
43:59 Bodkin Arrow
43:50 Treadmill Crane
46:27 Chemistry
不知天上水
10:00 Feudal Age
14:03 Castle Age
12:30 Double-Bit Axe
13:01 Horse Collar
18:46 Bloodlines
19:42 Heavy Plow
19:54 Bow Saw
23:30 Scale Barding Armor
26:03 Wheelbarrow
29:31 Imperial Age
27:00 Gold Mining
27:00 Stone Mining
27:36 Hand Cart
28:35 Chain Barding Armor
29:29 Forging
29:23 Husbandry
30:44 Iron Casting
31:58 Elite Battle Elephant
34:51 Gold Shaft Mining
34:51 Stone Shaft Mining
34:59 Crop Rotation
36:13 Plate Barding Armor
36:54 Blast Furnace
41:27 Light Cavalry
43:03 Hussar
44:15 Conscription
47:31 Tusk Swords
RafaelKubo
10:01 Feudal Age
11:00 Double-Bit Axe
13:39 Loom
16:14 Castle Age
15:17 Horse Collar
16:30 Bloodlines
21:11 Forging
21:15 Fervor
22:14 Scale Barding Armor
24:45 Town Watch
26:27 Wheelbarrow
28:28 Hand Cart
29:02 Iron Casting
28:48 Chain Barding Armor
28:32 Husbandry
29:57 Heavy Plow
32:51 Imperial Age
31:26 Fortified Wall
31:11 Murder Holes
32:38 Fletching
32:48 Scale Mail Armor
32:55 Devotion
33:18 Sanctity
34:41 Chemistry
34:02 Ballistics
33:23 Treadmill Crane
33:53 Masonry
34:49 Chemistry
34:10 Ballistics
34:04 Masonry
33:20 Cavalier
34:20 Bow Saw
35:05 Gold Mining
35:06 Stone Mining
35:20 Town Patrol
35:22 Pikeman
36:03 Squires
35:48 Arson
36:49 Conscription
37:51 Tower Shields
38:16 Capped Ram
38:35 Halberdier
39:53 Plate Barding Armor
39:34 Chain Mail Armor
39:52 Architecture
41:41 Paladin
43:10 Crop Rotation
43:24 Stone Shaft Mining
42:48 Bodkin Arrow
45:35 Hoardings
44:25 Elite Leitis
45:55 Light Cavalry
47:23 Winged Hussar
Hitokirivan
11:14 Feudal Age
12:38 Double-Bit Axe
12:47 Loom
15:19 Castle Age
14:04 Gold Mining
16:55 Scale Barding Armor
18:29 Bow Saw
18:47 Horse Collar
20:51 Bloodlines
20:41 Husbandry
29:10 Imperial Age
27:34 Gold Shaft Mining
27:49 Heavy Plow
28:19 Chain Barding Armor
28:10 Forging
29:33 Husbandry
31:06 Two-Man Saw
31:26 Cavalier
34:02 Wheelbarrow
35:01 Masonry
35:34 Plate Barding Armor
35:35 Iron Casting
35:50 Hand Cart
35:21 Town Watch
37:35 Paladin
41:21 Blast Furnace
青青草原懒大王
5:52 Loom
13:07 Feudal Age
17:45 Castle Age
17:58 Crossbowman
18:37 Double-Bit Axe
18:39 Horse Collar
24:59 Bow Saw
24:46 Gold Mining
26:39 Ballistics
28:39 Wheelbarrow
27:57 Fletching
28:09 Padded Archer Armor
29:33 Thumb Ring
30:51 Heavy Plow
30:27 Elite Skirmisher
33:00 Hand Cart
32:45 Bodkin Arrow
35:56 Imperial Age
34:53 Gold Shaft Mining
34:11 Stone Mining
34:44 Squires
35:04 Leather Archer Armor
34:59 Forging
34:51 Scale Mail Armor
35:43 Husbandry
35:53 Scale Barding Armor
37:45 Chemistry
36:40 Murder Holes
37:01 Arbalester
38:40 Conscription
40:14 Ring Archer Armor
40:19 Elite Shotel Warrior
42:48 Bracer
43:23 Iron Casting
43:08 Chain Barding Armor
42:54 Caravan
43:24 Coinage
44:14 Town Watch
44:37 Siege Engineers
44:35 Devotion
44:27 Arson
44:54 Light Cavalry
47:32 Blast Furnace
49:24 Two-Man Saw
48:30 Scale Mail Armor
48:35 Town Patrol
49:13 Stone Shaft Mining
49:10 Coinage
48:51 Guilds
49:21 Hussar
50:35 Fervor
50:46 Sanctity
50:47 Faith
Connection lost

Rejoining the realm…

Still unreachable

The connection could not be restored.

Session expired

The server has moved on; the page needs a fresh start.